Map: Bel'Shir Vestige LE (Void)

Players

DigitalzEX

  • Race: Terran Terran
  • League: Master
  • Spawn Location: 11:00

dahkfba - Winner!

  • Race: Zerg Zerg
  • League: Platinum
  • Spawn Location: 5:00

VOD

Have the link to the VOD?

Description

Time

  • Played on: Feb. 25, 2017, 8:19 p.m.
  • Length: 7:54
Show
View Real Time Build Order
Export as new Build Order

DigitalzEX Terran 

Build Orders: MMM Bio 

Get SALT Encoding   

  12  0:01  SCV  
  13  0:16  Supply Depot  
  13  0:29  SCV  
  14  0:39  Barracks  
  14  0:43  SCV  
  15  0:55  SCV  
  15  0:56  Refinery  
  16  1:07  SCV  
  17  1:19  SCV  
  18  1:31  Command Center  
  19  1:37  Orbital Command  
  18  2:00  Factory  
  18  2:08  Supply Depot  
  18  2:09  SCV  
  19  2:21  SCV  
  20  2:25  Barracks Reactor  
  20  2:33  SCV  
  21  2:43  Orbital Command  
  21  2:45  SCV  
  22  2:53  Bunker  
  22  2:58  SCV  
  23  3:10  Hellion, SCV  
  23  3:11  Hellion, Barracks Tech Lab  
  28  3:15  Barracks  
  27  3:22  SCV  
  28  3:34  SCV  
  28  3:35  Hellion x2  
  28  3:41  Combat Shields  
  32  3:42  Marine  
  32  3:47  SCV x2  
  32  3:48  Barracks  
  35  3:59  SCV x2  
  35  4:00  Marine  
  38  4:08  Barracks Reactor  
  38  4:14  Hellion x2  
  42  4:17  SCV x2  
  44  4:25  Supply Depot  
  44  4:26  Supply Depot  
  44  4:40  Barracks Reactor  
  44  4:45  Refinery  
  44  4:48  Engineering Bay  
  44  4:49  Supply Depot  
  44  4:54  Widow Mine x2  
  48  5:03  Stimpack  
  48  5:07  SCV x2  
  50  5:15  Barracks  
  50  5:17  Barracks  
  50  5:19  Marine x2  
  52  5:24  Command Center  
  52  5:35  Marine  
  53  5:37  Marine x3  
  53  5:38  Marine  
  57  5:44  Starport  
  57  5:46  Terran Infantry Weapons Level 1  
  57  5:52  Marine  
  57  5:54  Marine  
  57  5:55  Marine x2, SCV  
  57  5:56  SCV  
  63  6:05  Barracks Tech Lab  
  63  6:08  Marine, SCV x2  
  63  6:10  Marine  
  67  6:12  Marine x2  
  67  6:13  Marine  
  70  6:20  SCV  
  70  6:35  Supply Depot  
  70  6:36  Marine x4, SCV x2  
  70  6:37  Supply Depot  
  70  6:38  Supply Depot x2  
  76  6:42  Armory  
  76  6:49  Starport Reactor  
  76  6:53  Orbital Command  
  76  6:56  Marine x4, SCV  
  76  6:57  Marauder  
  76  7:00  Widow Mine x2  
  80  7:14  Marine x4  
  82  7:18  Marauder  
  64  7:32  Marine x4  
Show
View Real Time Build Order
Export as new Build Order

dahkfba Zerg - Winner!

Build Orders: Hatch First 

Get SALT Encoding   

  12  0:01  Drone  
  13  0:15  Overlord  
  13  0:21  Drone  
  14  0:33  Drone x2  
  16  0:38  Drone  
  17  0:55  Drone, Hatchery  
  17  1:00  Drone  
  18  1:12  Drone  
  18  1:14  Extractor  
  18  1:20  Drone  
  18  1:21  Spawning Pool  
  18  1:41  Drone  
  18  1:42  Drone  
  20  1:55  Overlord  
  20  2:08  Queen x2  
  22  2:11  Zergling x4  
  26  2:18  Metabolic Boost  
  26  2:20  Drone  
  26  2:21  Drone  
  28  2:25  Drone  
  29  2:36  Drone  
  29  2:37  Drone  
  31  2:48  Drone  
  31  2:49  Drone  
  33  2:56  Drone  
  34  3:02  Drone x2  
  36  3:10  Hatchery  
  36  3:11  Overlord  
  35  3:27  Roach Warren, Drone  
  35  3:28  Extractor, Drone, Overlord x2  
  34  3:40  Queen  
  34  3:41  Queen  
  38  3:42  Zergling x8  
  42  3:58  Drone x3  
  42  3:59  Drone  
  42  4:00  Drone  
  47  4:16  Pneumatized Carapace, Queen  
  49  4:19  Roach x4  
  49  4:20  Roach  
  58  4:47  Roach x4  
  58  4:49  Overlord x3  
  66  4:58  Lair  
  66  5:02  Overlord x3  
  66  5:12  Roach x4  
  74  5:27  Drone  
  74  5:28  Drone x8  
  83  5:40  Ravager x3  
  83  5:41  Zergling x6  
  83  5:42  Zergling x6  
  92  5:47  Extractor  
  92  5:48  Extractor  
  90  5:51  Drone x3  
  90  5:54  Zergling x6  
  90  5:56  Overseer  
  96  6:05  Zergling x12  
  102  6:23  Roach x7  
  112  6:28  Ravager  
  112  6:30  Overlord x2  
  113  6:36  Evolution Chamber  
  112  7:00  Roach x9  
  128  7:02  Overlord x2  
  111  7:43  Ravager  
  111  7:44  Ravager x4  
Tags
 
Add a new tag
Caveats
  • Supply blocks, unpowered buildings, or Contaminate may cause inaccurate times.
  • Supply counts are checked every 10 seconds.